 Dungeon Crawl Stone Soup version 0.23.1 (webtiles) character file.

Game seed: 12599092934886325507

153 Borgoz the Sneak (level 5, 0/38 HPs)
             Began as a Ghoul Enchanter on Mar 5, 2019.
             Slain by Grinder (11 damage)
             ... on level 3 of the Dungeon.
             The game lasted 00:04:36 (3092 turns).

Borgoz the Sneak (Ghoul Enchanter)                  Turns: 3092, Time: 00:04:37

Health: 0/38       AC:  3    Str: 17    XL:     5   Next: 35%
Magic:  1/7        EV: 12    Int: 10    God:
Gold:   169        SH:  0    Dex: 10    Spells: 2/8 levels left

rFire    . . .     SeeInvis .   c - +4 short sword
rCold    + . .     Gourm    .   (no shield)
rNeg     + + +     Faith    .   r - +0 animal skin
rPois    ∞         Spirit   .   q - +0 helmet
rElec    .         Reflect  .   (no cloak)
rCorr    .         Harm     .   (no gloves)
MR       .....                  (no boots)
Stlth    ++........             (no amulet)
HPRegen  0.00/turn              (no ring)
MPRegen  0.10/turn              (no ring)

@: mighty, rotting
A: rotting body, claws 1, carnivore, cold resistance 1, negative energy
resistance 3, inhibited regeneration, torment resistance, unbreathing
a: no special abilities


You were on level 3 of the Dungeon.
You were not hungry.

You visited 1 branch of the dungeon, and saw 3 of its levels.

You collected 169 gold pieces.

Inventory:

Hand Weapons
 c - a +4 short sword (weapon)
 w - a +0 blowgun
 x - a +0 dagger of freezing
Missiles
 s - 9 poisoned needles
Armour
 q - a +0 helmet (worn)
 r - a +0 animal skin (worn)
Scrolls
 a - 2 scrolls of random uselessness {unknown}
 b - a scroll of magic mapping {unknown}
 e - a scroll of noise {unknown}
 h - a scroll of identify {unknown}
 j - a scroll of fear {unknown}
 k - 2 scrolls of remove curse {unknown}
 l - a scroll of enchant weapon {unknown}
 m - a scroll of amnesia {unknown}
 p - a scroll of immolation {unknown}
 y - a scroll of teleportation {unknown}
Potions
 f - a potion of lignification
 g - 3 potions of might
 i - 2 potions of heal wounds {unknown}
 n - a potion of brilliance {unknown}
 o - a potion of resistance {unknown}
 t - 2 potions of flight {unknown}
 u - a potion of mutation {unknown}
 z - a potion of agility {unknown}
Comestibles
 d - 4 rations
 v - a chunk of flesh


   Skills:
 * Level 2.3 Short Blades
 * Level 2.8 Dodging
 + Level 3.8 Stealth
 + Level 2.2 Spellcasting
 * Level 3.2 Hexes


You had 2 spell levels left.
You knew the following spells:

 Your Spells              Type           Power        Failure   Level  Hunger
a - Corona                Hex            #......      9%          1    ##.....
b - Ensorcelled Hibernat  Hex/Ice        #.....       24%         2    ###....
c - Confuse               Hex            #.......     24%         3    ####...

Your spell library contained the following spells:

 Spells                   Type           Power        Failure   Level  Hunger
 Tukima's Dance           Hex            #.......     24%         3    ####...
 Dazzling Spray           Conj/Hex       #.....       43%         3    ####...


Dungeon Overview and Level Annotations

Branches:
Dungeon (3/15)

Altars:

Annotations:
D:3 Grinder


Innate Abilities, Weirdness & Mutations

Your body is rotting away.
You thrive on raw meat.
You are immune to poison.
You have sharp fingernails.
You are carnivorous and can eat meat at any time.
Your flesh is cold resistant. (rC+)
You are immune to negative energy. (rN+++)
You do not regenerate when monsters are visible.
You are immune to unholy pain and torment.
You can survive without breathing.


Message History

You catch the helpless Grinder completely off-guard!
You hit Grinder.
Grinder is moderately wounded.
Grinder barely misses you.
You hit Grinder.
Grinder is heavily wounded.
You completely miss Grinder.
Grinder is heavily wounded.
Grinder seems less confused.
Grinder hits you!
* * * LOW HITPOINT WARNING * * *
You are too injured to fight recklessly!
You are too injured to fight recklessly!
You are too injured to fight recklessly!
Casting: Confuse (safe; 24% risk of failure)
Confirm with . or Enter, or press ? or * to list all spells.
You don't have enough magic to cast that spell.
Unknown command.
You feel very mighty all of a sudden. Grinder hits you!
You die...

######.#
#......###########
..###............#
##....######.#
####.# #.# #.# #.#
#.# #.# #.# #.#
... #@# #.# #5#
#.# ..# ###


You could see Grinder.

Vanquished Creatures
  An orc wizard (D:3)
  Robin (D:2)
  5 adders (D:2)
  2 oozes
  3 worms
  2 dart slugs (D:1)
  2 orcs (D:3)
  3 bats
  2 giant cockroaches
  10 goblins
  6 hobgoblins
  A jackal (D:2)
  7 frilled lizards
  5 kobolds
  2 rats
52 creatures vanquished.

Notes
Turn   | Place    | Note
-------+----------+-------------------------------------------
     0 | D:1      | Borgoz the Ghoul Enchanter began the quest for the Orb.
     0 | D:1      | Reached XP level 1. HP: 14/14 MP: 2/2
   205 | D:1      | Reached skill level 1 in Short Blades
   553 | D:1      | Reached XP level 2. HP: 15/20 MP: 3/3
  1218 | D:2      | Reached XP level 3. HP: 16/26 MP: 4/4
  1614 | D:2      | Learned a level 2 spell: Ensorcelled Hibernation
  1618 | D:2      | Learned a level 3 spell: Confuse
  1894 | D:2      | Noticed Robin
  1906 | D:2      | Reached XP level 4. HP: 33/33 MP: 6/6
  2312 | D:2      | Killed Robin
  2536 | D:2      | Found a faded altar of an unknown god.
  2721 | D:3      | Reached XP level 5. HP: 18/38 MP: 7/7
  3077 | D:3      | Noticed Grinder
  3092 | D:3      | Slain by Grinder

Skill      XL: |  1  2  3  4 |
---------------+-------------+-----
Short Blades   | 1 2 |  2.3
Dodging        | 2 |  2.8
Spellcasting   | 2 |  2.2
Hexes          | 3 |  3.2
Stealth        | |  3.8

Action                   |  1- 3 |  4- 6 || total
-------------------------+-------+-------++-------
Melee: Short sword       |    81 |   102 ||   183
       Dagger            |     1 |       ||     1
 Cast: Ensorcelled Hiber |       |     6 ||     6
       Confuse           |       |     2 ||     2
  Use: Potion            |       |     3 ||     3
 Stab: Sleeping          |     6 |     5 ||    11
       Distracted        |       |     1 ||     1
       Confused          |       |     1 ||     1
  Eat: Chunk             |     4 |     7 ||    11
Armor: Robe              |     9 |     6 ||    15
       Animal skin       |       |     9 ||     9
Dodge: Dodged            |    46 |    42 ||    88
